 Dungeon Crawl Stone Soup version 0.29.0-7-g18a832c13a (webtiles) character file.

Game seed: 6326111330409087988

52 xian the Conjurer (level 3, -1/16 HPs)
             Began as a Spriggan Conjurer on Sept 1, 2022.
             Slain by Terence
             ... wielding a +2 mace of holy wrath
              (6 damage)
             ... on level 2 of the Dungeon.
             The game lasted 00:03:10 (1794 turns).

xian the Conjurer (Spriggan Conjurer)               Turns: 1794, Time: 00:03:12

Health: -1/16      AC:  2    Str:  3    XL:     3   Next: 60%
Magic:  8/8        EV: 17    Int: 21    God:
Gold:   112        SH:  0    Dex: 13    Spells: 5/8 levels left

rFire   . . .      SeeInvis +   m - +0 short sword
rCold   . . .      Faith    .   (no shield)
rNeg    . . .      Spirit   .   a - +0 robe
rPois   .          Reflect  .   (helmet restricted)
rElec   .          Harm     .   (no cloak)
rCorr   .          Rampage  .   (gloves unavailable)
Will    .....                   (boots unavailable)
Stlth   ++........              d - amulet of the acrobat
HPRegen 0.05/turn               (no ring)
MPRegen 0.11/turn               (no ring)

@: very quick
A: very small, no large weapons, unfitting armour, see invisible, speed 3
a: no special abilities


You were on level 2 of the Dungeon.
You visited 1 branch of the dungeon, and saw 2 of its levels.

You collected 112 gold pieces.

Inventory:

Hand Weapons
 m - a +0 short sword (weapon)
Armour
 a - a +0 robe (worn)
Jewellery
 d - an amulet of the acrobat (around neck)
Scrolls
 c - a scroll of vulnerability
 e - a scroll of butterflies
 f - a scroll of silence
 g - a scroll of enchant armour {unknown}
 i - a scroll of teleportation {unknown}
 l - a scroll of blinking {unknown}
Potions
 h - a potion of berserk rage {unknown}
 k - a potion of attraction {unknown}
 n - 2 potions of curing


   Skills:
 + Level 2.9 Dodging
 + Level 3.2 Stealth
 + Level 3.1 Spellcasting
 + Level 3.8 Conjurations


You had 5 spell levels left.
You knew the following spells:

 Your Spells              Type           Power      Damage    Failure   Level
a - Magic Dart            Conj           76%        1d6       2%          1
b - Searing Ray           Conj           38%        2d5       4%          2

Your spell library contained the following spells:

 Spells                   Type           Power      Damage    Failure   Level
 Dazzling Flash           Conj/Hex       22%        N/A       19%         3
 Ensorcelled Hibernation  Hex/Ice        6%         N/A       21%         2
 Passwall                 Tmut/Erth      2%         N/A       21%         2
 Swiftness                Air            3%         N/A       36%         3
 Fulminant Prism          Conj/Hex       5%         3d7       52%         4
 Iskenderun's Mystic Bla  Conj/Tloc      11%        2d4       52%         4


Dungeon Overview and Level Annotations

Branches:
Dungeon (2/15)

Altars:
Fedhas

Annotations:
D:2 Terence


Innate Abilities, Weirdness & Mutations

You are very small and have problems with some larger weapons.
You are too small for most types of armour.
You have supernaturally acute eyesight. (SInv)
You cover ground extremely quickly. (Speed+++)


Message History

You can't see any susceptible monsters within range! (Use Z to cast anyway.)
You can't see any susceptible monsters within range! (Use Z to cast anyway.)
You can't see any susceptible monsters within range! (Use Z to cast anyway.) Terence the Incautious comes into view.
He is wielding a +2 mace of holy wrath.
The magic dart hits Terence but does no damage.
The magic dart hits Terence but does no damage.
Terence screams, "I'm going to kill you!"
Casting: Magic Dart (safe; 2% risk of failure)
Confirm with . or Enter, or press ? or * to list all spells.
Aiming: Searing Ray (safe; 4% risk of failure)
Press: ? - help, Shift-Dir - straight line, f/p - Terence
Aim: Terence, wielding a +2 mace of holy wrath and wearing a +0 chain mail (84% to hit)
The searing ray hits Terence.
Terence is moderately wounded. (Press . to maintain the ray.)
The searing ray hits Terence.
Terence is moderately wounded.
Terence hits you with a +2 mace of holy wrath!
Ouch! That really hurt!
The searing ray hits Terence.
Terence is moderately wounded.
Terence closely misses you.
The searing ray hits Terence.
Terence is severely wounded.
You finish channelling your searing ray.
Terence barely misses you.
Casting: Searing Ray (safe; 4% risk of failure)
Confirm with . or Enter, or press ? or * to list all spells.
You don't have enough magic to cast this spell.
Unknown command.
You are too injured to fight recklessly!
Aiming: Magic Dart (safe; 2% risk of failure)
Press: ? - help, Q - select action, (/) - cycle Shift-Dir - straight line, f/p - Terence
Aim: Terence, wielding a +2 mace of holy wrath and wearing a +0 chain mail (severely wounded, 100% to hit)
The magic dart hits Terence but does no damage.
Terence is severely wounded.
Terence hits you with a +2 mace of holy wrath.
Magic courses through your body.
Terence hits you with a +2 mace of holy wrath.
You die...

########<.....
#..........###
#.#######..# #.# #....#
#.# #.#.####
#######.#####.#.....
..............######
###########.##########..
......@@...............#
###########.############
#........ ########.


You could see Terence.

Vanquished Creatures
  Robin (D:2)
  A dart slug (D:1)
  2 bats (D:1)
  2 endoplasms
  A giant cockroach (D:1)
  5 hobgoblins
  2 kobolds (D:1)
  2 quokkas (D:1)
  2 ball pythons (D:1)
  11 frilled lizards (D:1)
  9 goblins
  A rat (D:1)
39 creatures vanquished.

Vanquished Creatures (others)
  4 plants (D:1)
4 creatures vanquished.

Grand Total: 43 creatures vanquished

Notes
Turn   | Place    | Note
-------+----------+-------------------------------------------
     0 | D:1      | xian the Spriggan Conjurer began the quest for the Orb.
     0 | D:1      | Reached XP level 1. HP: 9/9 MP: 5/5
   639 | D:1      | Reached XP level 2. HP: 13/13 MP: 1/6
   642 | D:1      | Learned a level 2 spell: Searing Ray
   849 | D:1      | Found a faded altar of an unknown god.
  1449 | D:2      | Found a blossoming altar of Fedhas.
  1451 | D:2      | Reached XP level 3. HP: 16/16 MP: 6/8
  1454 | D:2      | Noticed Robin
  1620 | D:2      | Killed Robin
  1784 | D:2      | Noticed Terence
  1794 | D:2      | Slain by Terence

Illustrated notes

Levels and vault maps discovered:
D:1:      psy_arrival_basics, layout_loops_corners,
          dreamdust_ecumenical_altar_angels_and_demons, minmay_lizard_king
D:2:      layout_basic, basic_altar, serial_shops, shop, nicolae_wormholes,
          uniq_robin, uniq_jessica, uniq_terence

Skill      XL: |  1  2  3 |
---------------+----------+-----
Conjurations   | 3 |  3.8
Spellcasting   | 3 |  3.1
Dodging        | |  2.9
Stealth        | |  3.2

Action                   || total
-------------------------++-------
Melee: Unarmed           ||    10
       Short sword       ||     4
 Cast: Magic Dart        ||    53
       Searing Ray       ||     3
  Use: Scroll            ||     4
       Potion            ||     1
Armor: Robe              ||     2
Dodge: Dodged            ||    23
